 Dungeon Crawl Stone Soup version 0.31-a0-672-g7da72447bb (webtiles) character file.

Game seed: 8952418131969304190

61 LustLizard the Firebug (level 3, -6/20 HPs)
             Began as a Deep Elf Fire Elementalist on Sept 4, 2023.
             Mangled by Natasha (8 damage)
             ... on level 3 of the Dungeon.
             The game lasted 00:02:47 (1994 turns).

LustLizard the Firebug (Deep Elf Fire Elementalist) Turns: 1994, Time: 00:02:48

Health: -6/20      AC:  2    Str:  7    XL:     3   Next: 83%
Magic:  1/10       EV: 12    Int: 19    God:
Gold:   104        SH:  0    Dex: 15    Spells: 6/9 levels left

rFire   . . .        c - +0 dagger
rCold   . . .        (no shield)
rNeg    . . .        a - +0 robe
rPois   .            (no helmet)
rElec   .            (no cloak)
rCorr   .            (no gloves)
SInv    .            (no boots)
Will    +....        (no amulet)
Stlth   ++           (no ring)
HPRegen 0.23/turn    (no ring)
MPRegen 0.12/turn

%: no passive effects
@: enlightened, flying
A: no striking features
a: no special abilities


You were on level 3 of the Dungeon.
You visited 1 branch of the dungeon, and saw 3 of its levels.

You collected 104 gold pieces.

Inventory:

Hand Weapons
 c - a +0 dagger (weapon)
Armour
 a - a +0 robe (worn)
Scrolls
 e - a scroll of teleportation
 f - a scroll of amnesia {unknown}
 i - 2 scrolls of identify {unknown}
 j - a scroll of fog {unknown}
Potions
 b - a potion of magic
 d - a potion of mutation {unknown}
 g - a potion of brilliance {unknown}
 h - a potion of attraction {unknown}
 k - a potion of curing {unknown}
 l - a potion of degeneration {unknown}
 m - a potion of enlightenment


   Skills:
 + Level 0.8 Fighting
 - Level 2.4 Dodging
 + Level 3.1 Stealth
 + Level 3.5 Spellcasting
 + Level 1.8 Conjurations
 * Level 4.1 Fire Magic


You had 6 spell levels left.
You knew the following spells:

 Your Spells              Type           Power      Damage    Failure   Level
a - Foxfire               Conj/Fire      56%        2x1d6     4%          1
b - Scorch                Fire           38%        2d6       4%          2

Your spell library contained the following spells:

 Spells                   Type           Power      Damage    Failure   Level
 Inner Flame              Hex/Fire       11%        N/A       19%         3
 Volatile Blastmotes      Fire/Tloc      22%        2d11      19%         3
 Flame Wave               Conj/Fire      14%        2d6       38%         4


Dungeon Overview and Level Annotations

Branches:
Dungeon (3/15)

Altars:
Fedhas

Annotations:
D:2 Sigmund
D:3 Natasha


Message History

Unknown command.
Casting: Foxfire (safe; 4% risk of failure)
Press: ? - help, Q - select action, (/) - cycle Dir - look around, f - activate You conjure some foxfire!
The foxfire hits the hobgoblin.
You kill the hobgoblin!
The foxfire hits Natasha.
Natasha is lightly wounded.
The cerulean imp completely misses you. Natasha casts a spell at you.
The magic dart hits you!
* * * LOW HITPOINT WARNING * * *
The endoplasm freezes you.
You are frozen.
* * * LOW HITPOINT WARNING * * *
Casting: Foxfire (safe; 4% risk of failure)
Press: ? - help, Q - select action, (/) - cycle Dir - look around, f - activate You conjure some foxfire!
The foxfire hits the endoplasm.
The endoplasm is moderately wounded.
The foxfire hits the endoplasm.
The endoplasm is severely wounded.
The cerulean imp barely misses you. Natasha claws you but does no damage.
The endoplasm hits you.
* * * LOW HITPOINT WARNING * * *
Unknown command.
Casting: Foxfire (safe; 4% risk of failure)
Confirm with . or Enter, or press ? or * to list all spells.
You don't have enough magic to cast this spell.
Unknown command.
It was a potion of enlightenment.
You feel very buoyant.
You fly up into the air.
The foxfire hits Natasha but does no damage.
Natasha is lightly wounded.
The foxfire hits the endoplasm.
The endoplasm is almost dead.
The cerulean imp completely misses you. Natasha claws you!
You die...
Natasha begins licking her fur clean.

... .###
####...........
...#
.......>........
...#
................
...#
................
...#
...........!....
.#.
..................
.#
..........†h5.....
.#
##.####...@J......
.#
.........§........
.#
..................
.#
........#####.....
..
....)..†#####.....
...
..................
........##........
...###### .......
... ...


You could see Natasha, a cerulean imp (summoned) and an endoplasm.

Vanquished Creatures
  2 adders
  A worm (D:2)
  2 dart slugs
  2 ball pythons (D:2)
  3 bats
  2 endoplasms (D:1)
  2 giant cockroaches
  4 goblins
  3 hobgoblins
  2 jackals (D:1)
  4 kobolds
  3 quokkas
  2 frilled lizards
32 creatures vanquished.

Vanquished Creatures (others)
  166 foxfires
166 creatures vanquished.

Grand Total: 198 creatures vanquished

Notes
Turn   | Place    | Note
-------+----------+-------------------------------------------
     0 | D:1      | LustLizard the Deep Elf Fire Elementalist began the quest
                  | for the Orb.
     0 | D:1      | Reached XP level 1. HP: 10/10 MP: 6/6
   378 | D:1      | Reached XP level 2. HP: 15/15 MP: 2/8
   944 | D:1      | You fall into a shaft and drop 1 floor!
  1222 | D:2      | Learned a level 2 spell: Scorch
  1240 | D:2      | Reached XP level 3. HP: 20/20 MP: 4/9
  1303 | D:2      | Reached skill level 4 in Fire Magic
  1525 | D:2      | Noticed Sigmund
  1575 | D:2      | Found a blossoming altar of Fedhas.
  1983 | D:3      | Noticed Natasha
  1994 | D:3      | Mangled by Natasha

Illustrated notes

Levels and vault maps discovered:
D:1:      evilmike_arrival_crescent, layout_rooms, dk_noncrumbling_4,
          chequers_serial_rivers_marsh, nrook_mini_backslash,
          nicolae_figureground_pulse
D:2:      layout_basic, basic_altar, uniq_sigmund
D:3:      layout_basic, dk_xom_monty_hall, yredelemnul_altar_generic,
          uniq_pargi, uniq_robin, uniq_natasha, uniq_grinder

Skill      XL: |  1  2  3 |
---------------+----------+-----
Stealth        | 3 |  3.1
Fire Magic     | 4 |  4.1
Fighting       | |  0.8
Dodging        | |  2.4
Spellcasting   | |  3.5
Conjurations   | |  1.8

Action                     || total
---------------------------++-------
   Cast: Foxfire           ||    98
         Scorch            ||     1
    Use: Scroll            ||     1
         Potion            ||     1
 Armour: Robe              ||     7
  Dodge: Dodged            ||     8

Table legend: (Time is in decaauts)
 A = Elapsed time spent in this place.
 B = Non-inter-level travel time spent in this place.
 C = Inter-level travel time spent in this place.
 D = Time resting spent in this place.
 E = Time spent auto-exploring this place.
 F = Levels seen in this place.
 G = Mean time per level.
                   A        B        C        D        E       F      G
               +--------+--------+--------+--------+--------+-----+--------+
         Total |   1995 |   1947 |     48 |     33 |   1710 |   3 |  665.0 |
       Dungeon |   1995 |   1947 |     48 |     33 |   1710 |   3 |  665.0 |
               +--------+--------+--------+--------+--------+-----+--------+

Top non-repeatable levels by time:
     D:1: 1019 daAuts
     D:2: 913 daAuts
     D:3: 62 daAuts
